 Dungeon Crawl Stone Soup version 0.17-a0-1954-g0dddeaa (webtiles) character file.

259055 HungrySpirit the Shatterer (level 19, -15/214 HPs)
             Began as an Ogre Arcane Marksman on Oct 3, 2015.
             Was a High Priest of Okawaru.
             Killed from afar by a starcursed mass (22 damage)
             ... with an accursed screaming
             ... on level 3 of the Abyss.
             The game lasted 01:56:50 (60738 turns).

HungrySpirit the Shatterer (Ogre Arcane Marksman)  Turns: 60738, Time: 01:56:51

Health: -15/214    AC: 23    Str: 22    XL:     19   Next: 89%
Magic:  27/27      EV: 14    Int: 16    God:    Okawaru [*****.]
Gold:   1848       SH:  0    Dex: 14    Spells: 1 memorised, 19 levels left

rFire  + + .     SeeInvis .     i - +6 giant spiked club (freeze)
rCold  + . .     Clarity  .     M - +4 storm dragon armour "Guoskept" {rElec rPois}
rNeg   . . .     SustAt   .     (no shield)
rPois  +         Gourm    .     p - +2 hat
rElec  +         Spirit   .     O - +0 cloak of Decirr {rF+++ Int+4 Stlth-}
rCorr  .         Warding  .     (gloves unavailable)
rMut   .         Stasis   .     (boots unavailable)
MR     +....                    (no amulet)
Stlth  ..........               n - ring of ice
                                l - +2 ring of evasion

@: about to teleport, somewhat resistant to hostile enchantments, extremely
unstealthy
A: unfitting armour, tough skin 1
a: Heroism, Finesse, Renounce Religion
}: 2/15 runes: decaying, serpentine


You were on level 3 of the Abyss.
You worshipped Okawaru.
Okawaru was extremely pleased with you.
You were hungry.

You visited 7 branches of the dungeon, and saw 37 of its levels.
You visited the Abyss 1 time.
You also visited: Volcano.

You collected 3648 gold pieces.
You spent 1800 gold pieces at shops.

Inventory:

Hand weapons
 i - a +6 giant spiked club of freezing (weapon)
 X - the +2 dire flail "Himuum" {elec, rF+++ MR+ Str+2 Int-2}
   (You found it on level 8 of the Lair of Beasts)

   Occasionally, upon striking a foe, it will discharge some electrical energy
   and cause terrible harm.
   It affects your strength (+2).
   It affects your intelligence (-2).
   It renders you almost immune to fire.
   It affects your resistance to hostile enchantments.
Missiles
 k - 47 large rocks (quivered)
Armour
 m - the +8 large shield "Lotzuok" {Int+3}
   (You bought it in a shop on level 4 of the Orcish Mines)

   It affects your intelligence (+3).
 p - a +2 hat (worn)
 y - a +0 cloak of invisibility
 C - a +2 cloak of poison resistance
 M - the +4 storm dragon armour "Guoskept" (worn) {rElec rPois}
   (Okawaru gifted it to you on level 6 of the Lair of Beasts)

   It insulates you from electricity.
   It protects you from poison.
 O - the +0 cloak of Decirr (worn) {rF+++ Int+4 Stlth-}
   (You acquired it on level 2 of the Snake Pit)

   It affects your intelligence (+4).
   It renders you almost immune to fire.
   It makes you less stealthy.
Jewellery
 l - a +2 ring of evasion (left hand)
 n - a ring of ice (right hand)
 s - an uncursed ring of see invisible
 u - a cursed ring of protection from fire
 J - an uncursed ring of protection from fire
 Q - a +3 ring of strength
 U - the ring of Suspected Treachery {rElec rN+ Str-4 Dex+3 Stlth+}
   (You found it on level 8 of the Lair of Beasts)

   [ring of positive energy]

   It affects your strength (-4).
   It affects your dexterity (+3).
   It insulates you from electricity.
   It protects you from negative energy.
   It makes you more stealthy.
 Z - an uncursed ring of flight
Magical devices
 a - a wand of digging (23)
 B - a wand of fireball (6)
 G - a wand of heal wounds (8)
Scrolls
 b - 6 scrolls of amnesia
 c - 6 scrolls of enchant armour
 h - 12 scrolls of identify
 q - 3 scrolls of teleportation
 t - 14 scrolls of remove curse
 x - a scroll of magic mapping
 F - a scroll of enchant weapon
 H - 4 scrolls of recharging
 V - a scroll of immolation
 W - a scroll of holy word
Potions
 f - 5 potions of ambrosia
 g - 6 potions of agility
 r - 4 potions of might
 w - a potion of lignification
 A - a potion of magic
 D - 3 potions of brilliance
 P - 2 potions of berserk rage
 R - 2 potions of resistance
 S - 3 potions of haste
 T - a potion of cancellation
Books
 v - a book of Envenomations

   Spells                             Type                      Level
   a - Spider Form                    Transmutation/Poison         3
   b - Alistair's Intoxication        Transmutation/Poison         4
   c - Olgreb's Toxic Radiance        Poison                       4
   d - Poisonous Cloud                Conjuration/Poison/Air       6
Miscellaneous
 j - a lamp of fire
Comestibles
 d - 8 royal jellies
 e - 5 bread rations
 o - 13 meat rations


   Skills:
 + Level 18.9 Fighting
 - Level 22.4 Maces & Flails
 + Level 15.7 Throwing
 + Level 11.4 Armour
 - Level 12.3 Dodging
 - Level 1.2 Spellcasting
 - Level 2.1 Hexes
 + Level 11.4 Invocations


You had 19 spell levels left.
You knew the following spells:

 Your Spells              Type           Power        Failure   Level  Hunger
a - Corona                Hex            #......      65%         1    ##.....


Dungeon Overview and Level Annotations

Branches:
Dungeon (15/15)            Temple (1/1) D:7            Lair (8/8) D:8
  Swamp (4/4) Lair:5        Snake (4/4) Lair:6        Slime (0/6) Lair:8
    Orc (4/4) D:9             Elf (0/3) Orc:3        Vaults (1/5) D:14
 Depths (0/5) D:15

Altars:
Ashenzari
Dithmenos
Elyvilon
Gozag
Kikubaaqudgha
Makhleb
Nemelex Xobeh
Okawaru
Qazlal
Sif Muna
Xom
Zin
The Shining One
Beogh
Jiyva

Shops:
Orc:2 *   Orc:4 =[(*   Snake:1 *


Innate Abilities, Weirdness & Mutations

You are too large for most types of armour.
You have tough skin (AC +1).


Message History

The starcursed mass engulfs you but does no damage.
The ynoxinul gestures.
The golden eye blinks!
The golden eye blinks at you. You resist with almost no effort.
The ancient zyme hits you.
* * * LOW HITPOINT WARNING * * *
The ancient zyme hits you but does no damage.
The raiju bites you.
* * * LOW HITPOINT WARNING * * *
The raiju shocks you. You resist.
* * * LOW HITPOINT WARNING * * *
The smoke demon hits you.
* * * LOW HITPOINT WARNING * * *
The smoke demon hits you but does no damage. x2
The raiju bites you.
* * * LOW HITPOINT WARNING * * *
The raiju shocks you. You resist.
* * * LOW HITPOINT WARNING * * *
A cacophony of accursed wailing tears at your sanity!
You die...

. # #.## .###.
#..####.#..
#..#.....##.
.##
#...........#
#.
#............
#..XX5G..... .
#
##XXhxhh......
# #XXXX@## ..
### #
#GXX3X##. ....
...##+


#.XXtX3X. . . . .. . ...XXX5XW5. . . .. ... ....GXX5X55. .. ............G.... .
. . .. .............5 ... .............. # ......# ... # ยง. . You could see 19
starcursed masses, an ancient zyme, an apocalypse crab, a thrashing horror, a
large abomination, a smoke demon, 3 raiju, a ynoxinul, a wraith, an iron imp, 4
golden eyes and 5 ufetubi.

Vanquished Creatures
  the Lernaean hydra (Swamp:4)
  2 thorn hunters
  Roxanne (Swamp:3)
  10 greater nagas
  The ghost of 4thArraOfDagon the Merfolkian Porcupine, a mighty MfGl of Cheibriados (Snake:4)
  An orc warlord (Orc:3)
  Aizul (Snake:3)
  2 stone giants (Orc:4)
  The ghost of HungrySpirit the Bludgeoner, a powerful OgAM of Okawaru (D:11)
  Snorg (Lair:7)
  3 ettins (Orc:4)
  A fire dragon (Vaults:1)
  2 yaktaur captains
  Fannar (Orc:1)
  5 ghost crabs
  25 naga warriors
  24 hydras
  6 anacondas
  An ogre mage (D:15)
  7 alligators
  5 centaur warriors
  The ghost of bear the Cleaver, an experienced DDFi of Makhleb (D:10)
  A catoblepas (Lair:7)
  23 death yaks
  7 shock serpents
  16 naga sharpshooters
  Sonja (Lair:3)
  Nergalle (D:12)
  11 spriggans
  A thrashing horror (Abyss:3)
  A salamander mystic (Snake:3)
  2 large abominations (Abyss:3)
  10 swamp dragons
  2 shambling mangroves (Swamp:3)
  2 spriggan druids (Swamp:3)
  2 unseen horrors
  Pikel (D:8)
  8 hill giants
  6 naga ritualists
  An ugly thing (D:11)
  11 mana vipers
  5 griffons
  3 orc sorcerers
  The ghost of Rayvis the Covert, an experienced FeEn of Vehumet (D:9)
  A wizard (D:15)
  10 cyclopes
  8 salamanders
  2 worldbinders (Abyss:3)
  2 hornets (Swamp:3)
  An orc knight (D:15)
  9 guardian serpents
  A centaur zombie (D:11)
  Maurice (Orc:1)
  A manticore (D:11)
  2 vault sentinels (Vaults:1)
  A gargoyle (D:14)
  A smoke demon (Abyss:3)
  43 black mambas
  Psyche (D:7)
  5 elephants
  26 naga magi
  2 molten gargoyles (Volcano)
  12 komodo dragons
  28 spiny frogs
  4 kobold demonologists
  7 yaktaurs
  3 fire drakes
  3 trolls
  2 freezing wraiths (Vaults:1)
  9 giant leeches
  The ghost of kae the Carver, an average MiFi (D:4)
  20 blink frogs
  39 slime creatures
  4 two-headed ogres
  19 bog bodies
  A trapdoor spider zombie (D:10)
  2 raiju (Abyss:3)
  A raiju (shapeshifter) (Vaults:1)
  A shadow (D:14)
  5 deep elf magi
  6 wyverns
  67 yaks
  A golden eye (Abyss:3)
  5 wraiths
  A mottled dragon (Lair:2)
  14 vampire mosquitoes
  A steam dragon (D:9)
  A ynoxinul (Abyss:3)
  3 basilisks
  4 hungry ghosts
  Menkaure (D:5)
  11 hippogriffs
  5 wargs
  25 water moccasins
  2 small abominations (Abyss:3)
  21 swamp worms
  9 insubstantial wisps
  58 wolves
  67 nagas
  A soldier ant (D:11)
  3 sky beasts
  10 ice beasts
  15 porcupines
  4 slaves (D:7)
  16 swamp drakes
  3 necrophages
  13 wasps
  5 boggarts (D:14)
  A black bear (D:11)
  26 orc warriors
  2 phantoms
  20 crocodiles
  15 ogres
  12 centaurs
  6 big kobolds
  38 giant frogs
  3 scorpions
  28 killer bees
  4 jellies
  8 wights
  3 electric eels
  8 crimson imps
  29 orc priests
  6 centaur skeletons
  2 hounds
  2 giant frog skeletons
  19 iguanas
  39 orc wizards
  A quasit (D:6)
  18 worker ants
  29 sheep
  2 killer bee zombies
  2 hound skeletons (D:7)
  25 adders
  41 river rats
  2 shadow imps
  An adder skeleton (D:8)
  2 adder zombies
  5 worms
  10 giant geckos
  200 orcs
  3 ball pythons
  12 bats
  6 giant cockroaches
  12 goblins
  9 hobgoblins
  12 jackals
  4 quokkas
  A giant cockroach zombie (D:5)
  2 giant newts
  A jackal zombie (D:7)
  21 kobolds
  9 rats
  A briar patch (Swamp:3)
  4 fungi
  A plant (Snake:3)
1575 creatures vanquished.

Vanquished Creatures (others)
  A blink frog (Swamp:2)
  A slime creature (Swamp:4)
  An insubstantial wisp (Swamp:4)
  5 orcs
  2 bushes (Lair:6)
  51 fungi
  40 plants
101 creatures vanquished.

Grand Total: 1676 creatures vanquished

Notes
Turn   | Place    | Note
--------------------------------------------------------------
     0 | D:1      | HungrySpirit the Ogre Arcane Marksman began the quest for the Orb.
     0 | D:1      | Reached XP level 1. HP: 19/19 MP: 2/2
   387 | D:1      | Reached XP level 2. HP: 28/28 MP: 3/3
   579 | D:1      | Reached skill level 1 in Maces & Flails
  1212 | D:1      | Reached XP level 3. HP: 31/35 MP: 4/4
  2733 | D:2      | Found a stormy altar of Qazlal.
  2733 | D:2      | Noticed an air elemental
  2739 | D:2      | Reached XP level 4. HP: 40/42 MP: 5/5
  2740 | D:2      | Noticed a fire elemental
  2740 | D:2      | Noticed an earth elemental
  2740 | D:2      | Noticed a water elemental
  2801 | D:2      | Reached skill level 3 in Maces & Flails
  3748 | D:3      | HP: 2/42 [orc/flail (9)]
  4060 | D:3      | Reached skill level 4 in Maces & Flails
  4060 | D:3      | Reached XP level 5. HP: 37/49 MP: 6/6
  5177 | D:3      | Reached XP level 6. HP: 15/57 MP: 7/7
  5442 | D:3      | Noticed a phantom
  5490 | D:3      | HP: 1/57 [phantom (9)]
  5494 | D:3      | Killed a phantom
  5494 | D:3      | Reached skill level 5 in Maces & Flails
  6088 | D:4      | Noticed kae's ghost (average MiFi)
  6129 | D:4      | Killed kae's ghost
  6129 | D:4      | Reached skill level 6 in Maces & Flails
  6129 | D:4      | Reached XP level 7. HP: 45/63 MP: 8/8
  6616 | D:4      | Reached skill level 7 in Maces & Flails
  6820 | D:5      | Entered Level 5 of the Dungeon
  7203 | D:5      | Reached skill level 5 in Throwing
  7396 | D:5      | Noticed Menkaure
  7409 | D:5      | Killed Menkaure
  7409 | D:5      | Reached skill level 8 in Maces & Flails
  7409 | D:5      | Reached XP level 8. HP: 72/72 MP: 9/9
  7525 | D:5      | Found a burning altar of Makhleb.
  8841 | D:6      | Reached skill level 9 in Maces & Flails
  9113 | D:5      | Reached skill level 5 in Dodging
 10007 | D:7      | Reached skill level 10 in Maces & Flails
 10015 | D:7      | Reached XP level 9. HP: 41/79 MP: 10/10
 10672 | D:7      | Reached skill level 11 in Maces & Flails
 11464 | D:7      | Found a staircase to the Ecumenical Temple.
 11547 | Temple   | Entered the Ecumenical Temple
 11561 | Temple   | Became a worshipper of Warmaster Okawaru
 12024 | D:8      | Noticed Pikel
 12024 | D:8      | Noticed Psyche
 12576 | D:7      | Reached skill level 12 in Maces & Flails
 12638 | D:7      | Killed Psyche
 12638 | D:7      | Acquired Okawaru's first power
 12638 | D:7      | Reached XP level 10. HP: 34/87 MP: 8/11
 12991 | D:8      | Killed Pikel
 13472 | D:8      | Reached skill level 13 in Maces & Flails
 13831 | D:8      | Found a staircase to the Lair.
 15095 | D:8      | Noticed a hill giant
 15113 | D:8      | Killed a hill giant
 15454 | D:9      | Noticed Rayvis's ghost (experienced FeEn)
 15725 | Lair:1   | Entered Level 1 of the Lair of Beasts
 15770 | Lair:1   | Reached skill level 14 in Maces & Flails
 15770 | Lair:1   | Reached XP level 11. HP: 48/94 MP: 12/12
 16726 | Lair:1   | Noticed a four-headed hydra
 16738 | Lair:1   | Killed a four-headed hydra
 16738 | Lair:1   | Reached skill level 5 in Fighting
 17027 | Lair:1   | Found a white marble altar of Elyvilon.
 18305 | Lair:2   | Noticed an eight-headed hydra
 18313 | Lair:2   | Killed an eight-headed hydra
 18313 | Lair:2   | Reached skill level 15 in Maces & Flails
 18838 | Lair:2   | Noticed a five-headed hydra
 18880 | Lair:2   | Killed a five-headed hydra
 18880 | Lair:2   | Reached skill level 10 in Throwing
 18943 | Lair:2   | Acquired Okawaru's second power
 19176 | Lair:2   | Reached XP level 12. HP: 85/114 MP: 13/13
 20152 | Lair:2   | Reached skill level 16 in Maces & Flails
 20469 | Lair:3   | Noticed a death yak
 20566 | Lair:3   | Noticed a death yak
 20863 | Lair:3   | Noticed Sonja
 20904 | Lair:3   | Killed Sonja
 21478 | Lair:3   | Received a gift from Okawaru
 21940 | Lair:3   | Noticed a death yak
 22090 | Lair:3   | Killed a death yak
 22094 | Lair:3   | Killed a death yak
 22103 | Lair:3   | Killed a death yak
 22638 | Lair:4   | Reached skill level 17 in Maces & Flails
 22791 | Lair:4   | Found a dark tunnel.
 22833 | Lair:4   | Received a gift from Okawaru
 23021 | Volcano  | Entered a volcano
 23416 | Volcano  | Found a burning altar of Makhleb.
 23416 | Volcano  | Noticed a centaur warrior
 23430 | Volcano  | Killed a centaur warrior
 23711 | Volcano  | Reached XP level 13. HP: 62/131 MP: 12/14
 25374 | Lair:4   | Noticed a five-headed hydra
 25380 | Lair:4   | Killed a five-headed hydra
 25380 | Lair:4   | Reached skill level 10 in Fighting
 25649 | Lair:4   | Reached skill level 10 in Dodging
 25925 | Lair:5   | Reached skill level 18 in Maces & Flails
 27562 | Lair:5   | Received a gift from Okawaru
 27957 | Lair:5   | Reached skill level 19 in Maces & Flails
 27985 | Lair:5   | Received a gift from Okawaru
 28225 | Lair:5   | Reached XP level 14. HP: 122/146 MP: 15/15
 28615 | Lair:5   | Found a staircase to the Swamp.
 28773 | Lair:6   | Received a gift from Okawaru
 28850 | Lair:6   | Found a frozen archway.
 28861 | Lair:6   | Received a gift from Okawaru
 29930 | Lair:6   | Received a gift from Okawaru
 30229 | Lair:6   | Found a staircase to the Snake Pit.
 30311 | Lair:6   | Received a gift from Okawaru
 30317 | Lair:6   | Got a dazzling storm dragon armour {god gift}
 30332 | Lair:6   | Identified the +4 storm dragon armour "Guoskept" {rElec rPois} (Okawaru gifted it to you on level 6 of the Lair of Beasts)
 30629 | Lair:6   | Reached skill level 20 in Maces & Flails
 30943 | Lair:6   | Reached skill level 1 in Armour
 31005 | Lair:7   | Noticed Snorg
 31014 | Lair:7   | Killed Snorg
 32461 | Lair:8   | Entered Level 8 of the Lair of Beasts
 33044 | Lair:7   | Received a gift from Okawaru
 33438 | Lair:8   | Received a gift from Okawaru
 33438 | Lair:8   | Reached XP level 15. HP: 94/158 MP: 16/16
 33637 | Lair:8   | Reached skill level 21 in Maces & Flails
 33642 | Lair:8   | Received a gift from Okawaru
 33666 | Lair:8   | Got a twisted great mace {god gift}
 33670 | Lair:8   | Identified the +3 great mace of the Enchanted Forest {drain, Dex+4} (Okawaru gifted it to you on level 8 of the Lair of Beasts)
 34582 | Lair:8   | Found a staircase to the Slime Pits.
 34583 | Lair:8   | Found a viscous altar of Jiyva.
 34654 | Lair:8   | Received a gift from Okawaru
 34809 | Lair:8   | Got a translucent wooden ring
 34816 | Lair:8   | Identified the ring of Suspected Treachery {rElec rN+ Str-4 Dex+3 Stlth+} (You found it on level 8 of the Lair of Beasts)
 34820 | Lair:8   | Got a faintly glowing dire flail
 34821 | Lair:8   | Identified the +2 dire flail "Himuum" {elec, rF+++ MR+ Str+2 Int-2} (You found it on level 8 of the Lair of Beasts)
 35400 | D:9      | Killed Rayvis's ghost
 35449 | D:9      | Received a gift from Okawaru
 35640 | D:9      | Received a gift from Okawaru
 36063 | D:9      | Found a staircase to the Orcish Mines.
 36237 | Orc:1    | Entered Level 1 of the Orcish Mines
 36242 | Orc:1    | Noticed Fannar
 36273 | Orc:1    | Killed Fannar
 36294 | Orc:1    | Found a roughly hewn altar of Beogh.
 36856 | Orc:1    | Noticed Maurice
 36870 | Orc:1    | Killed Maurice
 37072 | Orc:2    | Found Ponwuve's Assorted Antiques.
 37121 | Orc:2    | Bought a large jade ring for 200 gold pieces
 37121 | Orc:2    | Bought a gold wand for 160 gold pieces
 37683 | Orc:3    | Received a gift from Okawaru
 37694 | Orc:3    | Reached skill level 5 in Armour
 37964 | Orc:3    | Received a gift from Okawaru
 38101 | Orc:3    | Found a deep blue altar of Sif Muna.
 38526 | Orc:3    | Found a staircase to the Elven Halls.
 38623 | Orc:4    | Entered Level 4 of the Orcish Mines
 38644 | Orc:4    | Found Ninaigh's Antique Weapon Shop.
 38749 | Orc:4    | Found Opputhok's General Store.
 38767 | Orc:4    | Bought 2 scrolls of identify for 52 gold pieces
 38767 | Orc:4    | Bought a scroll of identify for 26 gold pieces
 38767 | Orc:4    | Bought 3 large rocks for 27 gold pieces
 38850 | Orc:4    | Reached skill level 22 in Maces & Flails
 39005 | Orc:4    | Found Xeste's Antique Armour Shoppe.
 39149 | Orc:4    | Reached XP level 16. HP: 167/171 MP: 17/17
 39188 | Orc:4    | Found Mudwiton's Jewellery Emporium.
 39226 | Orc:4    | Bought an uncursed ring of see invisible for 195 gold pieces
 39226 | Orc:4    | Bought a cursed ring of protection from fire for 286 gold pieces
 39558 | Orc:4    | Bought a steaming large shield for 275 gold pieces
 39558 | Orc:4    | Identified the +8 large shield "Lotzuok" {Int+3} (You bought it in a shop on level 4 of the Orcish Mines)
 39732 | D:10     | Entered Level 10 of the Dungeon
 39892 | D:10     | Noticed bear's ghost (experienced DDFi)
 39907 | D:10     | Killed bear's ghost
 40564 | D:10     | Found a glowing golden altar of the Shining One.
 40650 | D:11     | Received a gift from Okawaru
 40996 | D:11     | Received a gift from Okawaru
 41011 | D:11     | Noticed HungrySpirit's ghost (powerful OgAM)
 41042 | D:11     | Killed HungrySpirit's ghost
 42017 | D:12     | Received a gift from Okawaru
 42028 | D:12     | Got a twisted cloak {god gift}
 42029 | D:12     | Identified the +2 cloak "Ziko" {Regen+} (Okawaru gifted it to you on level 12 of the Dungeon)
 42180 | D:12     | Noticed Nergalle
 42190 | D:12     | Killed Nergalle
 43502 | D:14     | Found a gate to the Vaults.
 44481 | D:15     | Entered Level 15 of the Dungeon
 44532 | D:15     | Reached skill level 1 in Invocations
 44606 | D:15     | Reached skill level 15 in Fighting
 45047 | D:15     | Found a staircase to the Depths.
 45804 | Snake:1  | Entered Level 1 of the Snake Pit
 46016 | Snake:1  | Received a gift from Okawaru
 46225 | Snake:1  | Reached XP level 17. HP: 184/184 MP: 19/19
 46445 | Snake:1  | Found Badirhaz's General Store.
 46448 | Snake:1  | Bought a potion of curing for 48 gold pieces
 46448 | Snake:1  | Bought a scroll of summoning for 152 gold pieces
 46448 | Snake:1  | Bought a scroll of identify for 32 gold pieces
 46448 | Snake:1  | Bought a wand of slowing (27) for 347 gold pieces
 46809 | Snake:2  | Received a gift from Okawaru
 46930 | Snake:2  | Reached skill level 5 in Invocations
 47005 | Snake:2  | Received a gift from Okawaru
 47545 | Snake:2  | Found a runed door.
 47580 | Snake:2  | Received a gift from Okawaru
 47693 | Snake:2  | Identified a scroll of acquirement
 47696 | Snake:2  | Got a brightly glowing cloak
 47697 | Snake:2  | Identified the +0 cloak of Decirr {rF+++ Int+4 Stlth-} (You acquired it on level 2 of the Snake Pit)
 48322 | Snake:3  | Noticed Aizul
 48340 | Snake:3  | Killed Aizul
 48390 | Snake:4  | Entered Level 4 of the Snake Pit
 48560 | Snake:4  | Noticed 4thArraOfDagon's ghost (mighty MfGl)
 48571 | Snake:4  | Killed 4thArraOfDagon's ghost
 49903 | Snake:3  | Reached XP level 18. HP: 198/198 MP: 23/23
 50104 | Snake:3  | Received a gift from Okawaru
 51906 | Snake:4  | Received a gift from Okawaru
 52080 | Snake:4  | Received a gift from Okawaru
 52080 | Snake:4  | Reached skill level 10 in Armour
 53041 | Snake:4  | Got a serpentine rune of Zot
 53259 | Swamp:1  | Entered Level 1 of the Swamp
 54613 | Swamp:2  | Found a stormy altar of Qazlal.
 54650 | Swamp:2  | Reached XP level 19. HP: 194/211 MP: 26/26
 55186 | Swamp:3  | Reached skill level 10 in Invocations
 55666 | Swamp:3  | Received a gift from Okawaru
 55669 | Swamp:3  | Reached skill level 15 in Throwing
 55688 | Swamp:3  | Got a bloodstained robe {god gift}
 55689 | Swamp:3  | Identified the +0 robe of Veheuveb {rF+} (Okawaru gifted it to you on level 3 of the Swamp)
 56016 | Swamp:3  | Noticed Roxanne
 56043 | Swamp:3  | Killed Roxanne
 56045 | Swamp:3  | Identified Roxanne's Compendium of Earth (You took it off Roxanne on level 3 of the Swamp)
 56739 | Swamp:4  | Entered Level 4 of the Swamp
 59225 | Swamp:4  | Noticed the 27-headed Lernaean hydra
 59231 | Swamp:4  | Killed the 27-headed Lernaean hydra
 59244 | Swamp:4  | Got a decaying rune of Zot
 59852 | Vaults:1 | Entered Level 1 of the Vaults
 60492 | Vaults:1 | Received a gift from Okawaru
 60495 | Vaults:1 | Cast into the Abyss (vault warden)
 60723 | Abyss:3  | Paralysed by accursed screaming for 1 turns
 60729 | Abyss:3  | Paralysed by accursed screaming for 2 turns
 60734 | Abyss:3  | Paralysed by accursed screaming for 2 turns
 60736 | Abyss:3  | HP: 5/214 [starcursed mass/accursed screaming (25)]
 60736 | Abyss:3  | HP: 2/214 [smoke demon/ball of steam (3)]
 60738 | Abyss:3  | Killed from afar by a starcursed mass

Vault maps used:
D:1:      minmay_arrival_doors
D:2:      first_bread, st_stairs_4, nicolae_qazlal_style_of_elements
D:5:      bloody_makhleb, uniq_menkaure
D:6:      corexii_checkpoint_b
D:7:      minmay_temple_entry_poolview
D:8:      erik_lair_orcish_takeover, uniq_pikel, uniq_psyche
D:9:      david_orc_4
D:10:     basic_altar
D:11:     hangedman_pestilent_swarm, hangedman_decor_push,
          hangedman_decor_growths
D:12:     uniq_nergalle
D:13:     nrook_guardian_serpent_double
D:14:     david_vaults_2
D:15:     grunt_enter_depths_snipers, nrook_mini_backslash, nrook_loot_triangle
Temple:   grunt_circular_temple_18
Lair:1:   basic_altar
Lair:2:   hangedman_lair_generics_rect
Lair:3:   bobbens_dragon_lair_wall, lemuel_fruit_fields, serial_bayou_shore_a,
          grunt_megastairs_4, uniq_sonja
Lair:4:   enter_volcano_4, serial_bayou_pond_d, grunt_megastairs_3,
          infiniplex_staircase_pool, serial_bayou_shore_b
Lair:5:   minmay_swamp_entry_worms, st_stairs_11
Lair:6:   minmay_snake_entry_six_corridors, portal_ice_cave_entry_ice_beasts,
          st_stairs_8, minmay_hedge_maze, lemuel_fruit_fields
Lair:7:   beast_lair_carwin_9, uniq_snorg
Lair:8:   minmay_lair_end_frog_pond, slime_altar_1
Swamp:1:  wheals_swamp_sinkhole
Swamp:2:  hangedman_swamp_cone, swamp_pool1, nicolae_swamp_godswood
Swamp:3:  serial_swamp_ruin, evilmike_swamp_ruin_rubble_2,
          evilmike_swamp_ruin_house_3, uniq_roxanne
Swamp:4:  grunt_swamp_rune_castle
Snake:1:  serial_shops, nicolae_shop_behind_doors, statue_in_the_mist_lemuel,
          spider_trap, nicolae_large_snake_swirl
Snake:2:  lightli_airlock
Snake:3:  nicolae_aizul_guard, lemuel_fruit_tree, uniq_aizul
Snake:4:  minmay_snake_end_coiled, basic_stair_grate_trap
Orc:1:    basic_altar, library_closet, uniq_fannar, uniq_maurice
Orc:2:    serial_shops, shop
Orc:3:    nicolae_orc_pool_cavern, nicolae_orc_bridge_out, abandoned_shop,
          led_sif_book
Orc:4:    grunt_orc_gardens, grunt_orc_garden, grunt_orc_garden,
          grunt_orc_garden, grunt_orc_garden
Vaults:1: v_rooms_4, vaults_mumra_chevron_long, st_cells, hangedman_vaults_maws,
          ontoclasm_vaults_pinch, hangedman_vaults_cutoff, hangedman_vaults_hat,
          ontoclasm_vaults_hangar, serial_shops, bzr_entry_safe
Abyss:2:  kilobyte_mutagenic_chamber, evilmike_abyss_exit_10
Volcano:  volcano_lake

Action                   |  1- 3 |  4- 6 |  7- 9 | 10-12 | 13-15 | 16-18 | 19-21 || total
-------------------------+-------+-------+-------+-------+-------+-------+-------++-------
Melee: Unarmed           |    21 |       |       |       |       |       |       ||    21
       Club              |   199 |    81 |       |       |       |       |       ||   280
       Mace              |       |    57 |       |       |       |       |       ||    57
       Flail             |       |   213 |   112 |       |       |       |       ||   325
       Whip              |       |       |   405 |   717 |       |       |       ||  1122
       Giant club        |       |       |    16 |    86 |       |       |       ||   102
       Giant spiked club |       |       |       |    70 |  1406 |  1138 |   430 ||  3044
       Dire flail        |       |       |       |       |    43 |       |       ||    43
 Fire: Blowgun           |       |       |       |    11 |       |       |       ||    11
Throw: Large rock        |    15 |    11 |       |       |    45 |   442 |    17 ||   530
       Throwing net      |     6 |     6 |     6 |       |       |       |       ||    18
       Javelin           |       |       |    39 |    19 |       |       |       ||    58
Invok: Heroism           |       |       |       |    18 |    24 |    15 |     6 ||    63
       Finesse           |       |       |       |     1 |     2 |     2 |     1 ||     6
Evoke: Wand              |       |       |       |    10 |     9 |     1 |       ||    20
       Lamp of fire      |       |       |       |       |       |     1 |       ||     1
  Use: Scroll            |     5 |     1 |     4 |     7 |    16 |    25 |    11 ||    69
       Potion            |       |     6 |     6 |     5 |     3 |     5 |    16 ||    41
 Stab: Held in net/web   |     2 |       |     1 |       |       |       |       ||     3
       Sleeping          |       |       |     1 |     2 |       |       |       ||     3
       Invisible         |       |       |     1 |       |     8 |       |       ||     9
       Confused          |       |       |       |     1 |       |       |       ||     1
       Petrifying        |       |       |       |       |     2 |       |       ||     2
       Distracted        |       |       |       |       |     1 |       |       ||     1
  Eat: Chunk             |     5 |    10 |     9 |    21 |    32 |    23 |     4 ||   104
       Fruit             |       |     5 |       |     9 |     3 |    12 |       ||    29
       Bread ration      |       |       |     2 |     1 |     1 |     1 |     1 ||     6
       Pizza             |       |       |     1 |     2 |       |       |     4 ||     7
       Meat ration       |       |       |       |     2 |     2 |       |     1 ||     5
       Beef jerky        |       |       |       |       |       |     7 |       ||     7
       Royal jelly       |       |       |       |       |       |     1 |     1 ||     2
